TOP OF THE 1ST |
Chula Vista Tacos batting - Pitching for Colorado Commanders : RHP Carl Jones
|
Pitching: RHP Carl Jones
|
|
Batting: RHB Kevin Wilson
|
0-0: Ball 1-0: Fly out, F3 (Popup, 3F)
|
Batting: RHB Juan García
|
0-0: Ball 1-0: Swinging Strike 1-1: Foul Ball, location: 2F 1-2: Ball 2-2: Strikes out looking
|
Batting: RHB Juan Vélez
|
0-0: Ground out 5-3 (Groundball, 56)
|
Top of the 1st over - 0 runs, 0 hits, 0 errors, 0 left on base; Chula Vista 0 - Colorado 0 |
BOTTOM OF THE 1ST |
Colorado Commanders batting - Pitching for Chula Vista Tacos : RHP Manny Cook
|
Pitching: RHP Manny Cook
|
|
Batting: RHB Joe Sulley
|
0-0: Called Strike 0-1: Swinging Strike 0-2: Ball 1-2: Strikes out swinging
|
Batting: RHB Lawrence Ware
|
0-0: Ball 1-0: Ball 2-0: Ball 3-0: Called Strike 3-1: Foul Ball, location: 2F 3-2: Fly out, F7 (Line Drive, 7)
|
Batting: LHB Arthur Guzmán
|
0-0: Ball 1-0: Ball 2-0: Called Strike 2-1: Ground out 3-1 (Groundball, 34S)
|
Bottom of the 1st over - 0 runs, 0 hits, 0 errors, 0 left on base; Chula Vista 0 - Colorado 0 |
TOP OF THE 2ND |
Chula Vista Tacos batting - Pitching for Colorado Commanders : RHP Carl Jones
|
Batting: LHB Jean Beauchemin
|
0-0: Called Strike 0-1: Ball 1-1: Called Strike 1-2: Ball 2-2: Foul Ball, location: 2F 2-2: Ball 3-2: Foul Ball, location: 2F 3-2: Base on Balls
|
Batting: LHB Dale Miller
|
0-0: Called Strike 0-1: Fly out, F7 (Flyball, 7D)
|
Batting: RHB Gonzalo García
|
0-0: Ball 1-0: Ball 2-0: Ball 3-0: Called Strike 3-1: Base on Balls Jean Beauchemin to second
|
Batting: RHB Germán Ontiveros
|
0-0: Ball 1-0: Called Strike 1-1: Foul Ball, location: 2F 1-2: Ball 2-2: Grounds into double play, 5-4-3 (Groundball, 56)
|
Top of the 2nd over - 0 runs, 0 hits, 0 errors, 1 left on base; Chula Vista 0 - Colorado 0 |
BOTTOM OF THE 2ND |
Colorado Commanders batting - Pitching for Chula Vista Tacos : RHP Manny Cook
|
Batting: LHB Roberto Herrera
|
0-0: Foul Ball, location: 2F 0-1: Called Strike 0-2: Foul Ball, location: 2F 0-2: Ground out 1-3 (Groundball, 13)
|
Batting: RHB Henry Cahill
|
0-0: Ball 1-0: Ball 2-0: Foul Ball, location: 2F 2-1: Foul Ball, location: 2F 2-2: Fly out, F9 (Flyball, 9LSF)
|
Batting: RHB Júlio Ramos
|
0-0: Called Strike 0-1: Foul Ball, location: 2F 0-2: Strikes out swinging
|
Bottom of the 2nd over - 0 runs, 0 hits, 0 errors, 0 left on base; Chula Vista 0 - Colorado 0 |
TOP OF THE 3RD |
Chula Vista Tacos batting - Pitching for Colorado Commanders : RHP Carl Jones
|
Batting: RHB Dan Salazar
|
0-0: Foul Ball, location: 2F 0-1: Foul Ball, location: 2F 0-2: Foul Ball, location: 2F 0-2: Strikes out swinging
|
Batting: RHB Nelson Wright
|
0-0: Ball 1-0: Foul Ball, location: 2F 1-1: Foul Ball, location: 2F 1-2: Foul Ball, location: 2F 1-2: Foul Ball, location: 2F 1-2: Foul Ball, location: 2F 1-2: Foul Ball, location: 2F 1-2: Ball 2-2: Strikes out swinging
|
Batting: RHB Kevin Wilson
|
0-0: Called Strike 0-1: Ball 1-1: Called Strike 1-2: Strikes out looking
|
Top of the 3rd over - 0 runs, 0 hits, 0 errors, 0 left on base; Chula Vista 0 - Colorado 0 |
BOTTOM OF THE 3RD |
Colorado Commanders batting - Pitching for Chula Vista Tacos : RHP Manny Cook
|
Batting: RHB Joe Roberts
|
0-0: Ball 1-0: Foul Ball, location: 2F 1-1: Fly out, F8 (Flyball, 8RS)
|
Batting: RHB Carlos Jiménez
|
0-0: Ball 1-0: Hit by Pitch
|
Batting: RHB Eric Patrick
|
0-0: Called Strike 0-1: Ball 1-1: Called Strike 1-2: Strikes out swinging
|
Batting: RHB Joe Sulley
|
0-0: Ball 1-0: Called Strike 1-1: Ball 2-1: Ball 3-1: Base on Balls Carlos Jiménez to second
|
Batting: RHB Lawrence Ware
|
0-0: SINGLE (Line Drive, 7LS) Carlos Jiménez to third Joe Sulley to second Runner from 3rd tries for Home, SAFE, no throw
|
Batting: LHB Arthur Guzmán
|
0-0: Ball 1-0: Swinging Strike 1-1: Foul Ball, location: 2F 1-2: Ball 2-2: Foul Ball, location: 2F 2-2: Fly out, F7 (Flyball, 78S)
|
Bottom of the 3rd over - 1 run, 1 hit, 0 errors, 2 left on base; Chula Vista 0 - Colorado 1 |
TOP OF THE 4TH |
Chula Vista Tacos batting - Pitching for Colorado Commanders : RHP Carl Jones
|
Batting: RHB Juan García
|
0-0: Ball 1-0: Foul Ball, location: 2F 1-1: Foul Ball, location: 2F 1-2: Ball 2-2: Fly out, F7 (Flyball, 78M)
|
Batting: RHB Juan Vélez
|
0-0: Ball 1-0: Foul Ball, location: 2F 1-1: Foul Ball, location: 2F 1-2: Ball 2-2: Ball 3-2: Foul Ball, location: 2F 3-2: Foul Ball, location: 2F 3-2: Foul Ball, location: 2F 3-2: Base on Balls
|
Batting: LHB Jean Beauchemin
|
0-0: Fielders Choice at 2nd, 3-6 (Groundball, 3)
|
Batting: LHB Dale Miller
|
0-0: Ball 1-0: Ball 2-0: Swinging Strike 2-1: Swinging Strike 2-2: Ball 3-2: Base on Balls Jean Beauchemin to second
|
Batting: RHB Gonzalo García
|
0-0: Foul Ball, location: 2F 0-1: Called Strike 0-2: Strikes out looking
|
Top of the 4th over - 0 runs, 0 hits, 0 errors, 2 left on base; Chula Vista 0 - Colorado 1 |
BOTTOM OF THE 4TH |
Colorado Commanders batting - Pitching for Chula Vista Tacos : RHP Manny Cook
|
Batting: LHB Roberto Herrera
|
0-0: Ball 1-0: Foul Ball, location: 2F 1-1: Foul Ball, location: 2F 1-2: Ball 2-2: Strikes out looking
|
Batting: RHB Henry Cahill
|
0-0: Called Strike 0-1: Hit by Pitch
|
Batting: RHB Júlio Ramos
|
0-0: Ball 1-0: Called Strike 1-1: Ball 2-1: Foul Ball, location: 2F 2-2: Grounds into double play, 4-6-3 (Groundball, 4)
|
Bottom of the 4th over - 0 runs, 0 hits, 0 errors, 0 left on base; Chula Vista 0 - Colorado 1 |
TOP OF THE 5TH |
Chula Vista Tacos batting - Pitching for Colorado Commanders : RHP Carl Jones
|
Batting: RHB Germán Ontiveros
|
0-0: Called Strike 0-1: Foul Ball, location: 2F 0-2: Ball 1-2: Strikes out looking
|
Batting: RHB Dan Salazar
|
0-0: Ball 1-0: Swinging Strike 1-1: Ball 2-1: Foul Ball, location: 2F 2-2: Ball 3-2: Foul Ball, location: 2F 3-2: Base on Balls
|
Batting: RHB Nelson Wright
|
0-0: Ball 1-0: Ground out 5-3 (Groundball, 56S) Dan Salazar to second
|
Batting: RHB Kevin Wilson
|
0-0: Ball 1-0: SINGLE (Flyball, 89S) Dan Salazar to third
|
Batting: RHB Juan García
|
0-0: Called Strike 0-1: Foul Ball, location: 2F 0-2: Strikes out swinging
|
Top of the 5th over - 0 runs, 1 hit, 0 errors, 2 left on base; Chula Vista 0 - Colorado 1 |
BOTTOM OF THE 5TH |
Colorado Commanders batting - Pitching for Chula Vista Tacos : RHP Manny Cook
|
Batting: RHB Joe Roberts
|
0-0: Called Strike 0-1: Called Strike 0-2: Ball 1-2: Strikes out looking
|
Batting: RHB Carlos Jiménez
|
0-0: Ball 1-0: Ground out 3-1 (Groundball, 34)
|
Batting: RHB Eric Patrick
|
0-0: Called Strike 0-1: Ball 1-1: Ball 2-1: Foul Ball, location: 2F 2-2: Foul Ball, location: 2F 2-2: Foul Ball, location: 2F 2-2: Strikes out swinging
|
Bottom of the 5th over - 0 runs, 0 hits, 0 errors, 0 left on base; Chula Vista 0 - Colorado 1 |
TOP OF THE 6TH |
Chula Vista Tacos batting - Pitching for Colorado Commanders : RHP Carl Jones
|
Batting: RHB Juan Vélez
|
0-0: Called Strike 0-1: Swinging Strike 0-2: Foul Ball, location: 2F 0-2: Strikes out swinging
|
Batting: LHB Jean Beauchemin
|
0-0: Ball 1-0: Foul Ball, location: 2F 1-1: Ball 2-1: Fly out, F5 (Popup, 56S)
|
Batting: LHB Dale Miller
|
0-0: Ball 1-0: Swinging Strike 1-1: Called Strike 1-2: Ball 2-2: Ball 3-2: Base on Balls
|
Pitching: RHP Barrett Perry
|
|
Batting: RHB Gonzalo García
|
0-0: Called Strike Dale Miller steals 2nd base 0-1: Ball 1-1: Foul Ball, location: 2F 1-2: Foul Ball, location: 2F 1-2: Foul Ball, location: 2F 1-2: SINGLE (Line Drive, 89S) Dale Miller to third Runner from 3rd tries for Home, SAFE, no throw
|
Batting: RHB Germán Ontiveros
|
0-0: Ball 1-0: Called Strike 1-1: Fly out, F7 (Flyball, 7LSF)
|
Top of the 6th over - 1 run, 1 hit, 0 errors, 1 left on base; Chula Vista 1 - Colorado 1 |
BOTTOM OF THE 6TH |
Colorado Commanders batting - Pitching for Chula Vista Tacos : RHP Manny Cook
|
Batting: RHB Joe Sulley
|
0-0: Called Strike 0-1: Ball 1-1: Foul Ball, location: 2F 1-2: Ball 2-2: Ball 3-2: Foul Ball, location: 2F 3-2: Foul Ball, location: 2F 3-2: Strikes out swinging
|
Batting: RHB Lawrence Ware
|
0-0: Ball 1-0: Ball 2-0: Ball 3-0: Base on Balls
|
Batting: LHB Arthur Guzmán
|
0-0: Swinging Strike 0-1: Ball 1-1: Fly out, F7 (Flyball, 78M)
|
Batting: LHB Roberto Herrera
|
0-0: Ball 1-0: Foul Ball, location: 2F 1-1: SINGLE (Groundball, 4MD) Lawrence Ware to second
|
Batting: RHB Henry Cahill
|
0-0: Called Strike 0-1: Swinging Strike 0-2: Ball 1-2: Strikes out swinging
|
Bottom of the 6th over - 0 runs, 1 hit, 0 errors, 2 left on base; Chula Vista 1 - Colorado 1 |
TOP OF THE 7TH |
Chula Vista Tacos batting - Pitching for Colorado Commanders : RHP Barrett Perry
|
Batting: RHB Dan Salazar
|
0-0: Swinging Strike 0-1: Ball 1-1: Ball 2-1: Foul Ball, location: 2F 2-2: Strikes out swinging
|
Batting: RHB Nelson Wright
|
0-0: Called Strike 0-1: Ball 1-1: Swinging Strike 1-2: Foul Ball, location: 2F 1-2: Ball 2-2: SINGLE (Flyball, 56D)
|
Batting: RHB Kevin Wilson
|
0-0: Ball Nelson Wright is caught stealing 2nd base 1-0: Foul Ball, location: 2F 1-1: Called Strike 1-2: Strikes out swinging
|
Top of the 7th over - 0 runs, 1 hit, 0 errors, 0 left on base; Chula Vista 1 - Colorado 1 |
BOTTOM OF THE 7TH |
Colorado Commanders batting - Pitching for Chula Vista Tacos : RHP Manny Cook
|
Pinch Hitting: SHB Miguel Price
|
0-0: Swinging Strike 0-1: Ball 1-1: DOUBLE (Flyball, 89D)
|
Batting: RHB Joe Roberts
|
0-0: Intentional Walk
|
Pitching: RHP Ron Davis
|
|
Batting: RHB Carlos Jiménez
|
0-0: Called Strike 0-1: Foul Ball, location: 2F 0-2: SINGLE (Flyball, 8LS) Miguel Price to third Joe Roberts to second Runner from 3rd tries for Home, SAFE, no throw
|
Batting: RHB Eric Patrick
|
0-0: 3-RUN HOME RUN (Flyball, 7LD), Distance : 337 ft
|
Pitching: RHP Keith Anderson
|
|
Batting: RHB Joe Sulley
|
0-0: Swinging Strike 0-1: Ball 1-1: Called Strike 1-2: Strikes out swinging
|
Batting: RHB Lawrence Ware
|
0-0: Called Strike 0-1: DOUBLE (Line Drive, 9LS)
|
Batting: LHB Arthur Guzmán
|
0-0: Fly out, F7 (Flyball, 7)
|
Batting: LHB Roberto Herrera
|
0-0: Called Strike 0-1: Ball 1-1: Ball 2-1: Swinging Strike 2-2: Ball 3-2: Strikes out swinging
|
Bottom of the 7th over - 4 runs, 4 hits, 0 errors, 1 left on base; Chula Vista 1 - Colorado 5 |
TOP OF THE 8TH |
Chula Vista Tacos batting - Pitching for Colorado Commanders : RHP Barrett Perry
|
Now at 2B: Alfonso Flores
|
|
Batting: RHB Juan García
|
0-0: Ball 1-0: Fly out, F8 (Flyball, 8RD)
|
Batting: RHB Juan Vélez
|
0-0: Ball 1-0: Foul Ball, location: 2F 1-1: Ball 2-1: Ball 3-1: Called Strike 3-2: Base on Balls
|
Batting: LHB Jean Beauchemin
|
0-0: Called Strike 0-1: Ball 1-1: Foul Ball, location: 2F 1-2: Ball 2-2: Foul Ball, location: 2F 2-2: Foul Ball, location: 2F 2-2: Foul Ball, location: 2F 2-2: Ground out 5-3 (Groundball, 56S) Juan Vélez to second
|
Batting: LHB Dale Miller
|
0-0: Ball 1-0: Called Strike 1-1: Foul Ball, location: 2F 1-2: Ball 2-2: Foul Ball, location: 2F 2-2: Ball 3-2: Fly out, F3 (Line Drive, 3)
|
Top of the 8th over - 0 runs, 0 hits, 0 errors, 1 left on base; Chula Vista 1 - Colorado 5 |
BOTTOM OF THE 8TH |
Colorado Commanders batting - Pitching for Chula Vista Tacos : RHP Keith Anderson
|
Batting: RHB Henry Cahill
|
0-0: Called Strike 0-1: Called Strike 0-2: Ball 1-2: SINGLE (Line Drive, 89S)
|
Batting: RHB Alfonso Flores
|
0-0: Ball 1-0: Bunted foul 1-1: Bunted foul 1-2: Ball 2-2: Ball 3-2: SINGLE (Groundball, 6D) Henry Cahill to second
|
Batting: RHB Joe Roberts
|
0-0: Bunted foul 0-1: Ball 1-1: Sac Bunt - play at first, batter OUT! 1-4 Henry Cahill to third Alfonso Flores to second
|
Batting: RHB Carlos Jiménez
|
0-0: Ball 1-0: Foul Ball, location: 2F 1-1: Swinging Strike 1-2: Foul Ball, location: 2F 1-2: Ball 2-2: Strikes out looking
|
Batting: RHB Eric Patrick
|
0-0: Fly out, F9 (Flyball, 9LDF)
|
Bottom of the 8th over - 0 runs, 2 hits, 0 errors, 2 left on base; Chula Vista 1 - Colorado 5 |
TOP OF THE 9TH |
Chula Vista Tacos batting - Pitching for Colorado Commanders : RHP Barrett Perry
|
Batting: RHB Gonzalo García
|
0-0: Called Strike 0-1: SINGLE (Flyball, 89S)
|
Batting: RHB Germán Ontiveros
|
0-0: Ball 1-0: Ball 2-0: Foul Ball, location: 2F 2-1: Called Strike 2-2: Strikes out swinging
|
Batting: RHB Dan Salazar
|
0-0: Called Strike 0-1: SINGLE (Groundball, 56D) Gonzalo García to second
|
Pitching: RHP Matt McGrath
|
|
Batting: RHB Nelson Wright
|
0-0: Called Strike 0-1: Foul Ball, location: 2F 0-2: Foul Ball, location: 2F 0-2: Strikes out swinging
|
Batting: RHB Kevin Wilson
|
0-0: Foul Ball, location: 2F 0-1: Called Strike 0-2: Strikes out swinging
|
Top of the 9th over - 0 runs, 2 hits, 0 errors, 2 left on base; Chula Vista 1 - Colorado 5 |
|